 Dungeon Crawl Stone Soup version 0.27.1-33-g824d729ab1 (webtiles) character file.

Game seed: 17231247048239053612

4 lewolf the Sneak (level 1, 0/19 HPs)
             Began as a Hill Orc Delver on Dec 25, 2021.
             Was an Initiate of Trog.
             Slain by a hound (4 damage)
             ... on level 4 of the Dungeon.
             The game lasted 00:02:18 (531 turns).

lewolf the Sneak (Hill Orc Delver)                   Turns: 531, Time: 00:02:18

Health: 0/19       AC:  3    Str: 14    XL:     1   Next: 60%
Magic:  1/1        EV: 11    Int: 10    God:    Trog [......]
Gold:   36         SH:  0    Dex: 12    Spells: 0/0 levels left

rFire    . . .     SeeInvis .   a - +0 hand axe
rCold    . . .     Faith    .   (no shield)
rNeg     . . .     Spirit   .   b - +0 leather armour
rPois    .         Reflect  .   (no helmet)
rElec    .         Harm     .   (no cloak)
rCorr    .         Rampage  .   (no gloves)
Will     .....                  (no boots)
Stlth    ++........             (no amulet)
HPRegen  0.06/turn              (no ring)
MPRegen  0.07/turn              (no ring)

@: no status effects
A: no striking features
a: Renounce Religion


You were on level 4 of the Dungeon.
You worshipped Trog.
Trog was noncommittal.
You visited 1 branch of the dungeon, and saw 2 of its levels.

You collected 36 gold pieces.

Inventory:

Hand Weapons
 a - a +0 hand axe (weapon)
Armour
 b - a +0 leather armour (worn)
 h - a +0 pair of boots
Wands
 g - a wand of digging (3)
Scrolls
 c - a scroll of fog
 e - a scroll of fear
Potions
 d - a potion of mutation {unknown}
 f - a potion of haste


   Skills:
 + Level 3.6 Fighting
 + Level 2.6 Axes
 + Level 0.4 Armour
 + Level 1.5 Dodging
 + Level 4.2 Stealth


You couldn't memorise any spells.
You didn't know any spells.
Your spell library was empty.

Dungeon Overview and Level Annotations

Branches:
Dungeon (5/15)             Temple (0/1) D:5

Altars:
Ashenzari
Nemelex Xobeh
Qazlal
Sif Muna
Trog
Wu Jian
The Shining One


Message History

The hound is lightly wounded.
The hound barely misses you.
You miss the hound.
The hound is lightly wounded.
The hound bites you but does no damage. The hound barely misses you.
You barely miss the hound.
The hound is lightly wounded.
The hound barely misses you. The hound bites you but does no damage.
You closely miss the hound.
The hound is lightly wounded.
The hound closely misses you.
The hound pauses to sniff the ground.
The hound bites you.
You hit the hound but do no damage.
The hound is lightly wounded.
The hound bites you but does no damage. The hound bites you.
You hit the hound.
The hound is moderately wounded.
The hound bites you.
You hit the hound but do no damage.
The hound is moderately wounded.
The hound closely misses you. The hound barely misses you.
You completely miss the hound.
The hound is moderately wounded.
The hound bites you. x2
You slash the hound!
The hound is severely wounded.
The hound barely misses you. The hound closely misses you.
Okay, then.
You hit the hound.
The hound is almost dead.
The hound bites you.
* * * LOW HITPOINT WARNING * * *
You barely miss the hound.
The hound is almost dead.
The hound closely misses you. x2
You closely miss the hound.
The hound is almost dead.
The hound bites you.
You die...

≈≈≈'.# #..## ≈≈≈### ##..##
#..... ≈≈≈# ##8..8# #......
#### #_....# ###....... #.#
###..### #.....)... .##
#...._# #.........
.#########..### #.........
......##......####.........
.......###..####@h.........
.......#_....⌠#.###........
#......###..###.# #.......#
#......#⌠....##.# ##......#
##.....##.___##.# #.....#
#......########.# #....#
#...............# #..##
#...............## ###
#................#


You could see a hound.

Vanquished Creatures
  2 endoplasms (D:4)
  A quokka (D:4)
3 creatures vanquished.

Vanquished Creatures (others)
  A wizard (D:4)
1 creature vanquished.

Grand Total: 4 creatures vanquished

Notes
Turn   | Place    | Note
-------+----------+-------------------------------------------
     0 | D:5      | lewolf the Hill Orc Delver began the quest for the Orb.
     0 | D:5      | Reached XP level 1. HP: 19/19 MP: 1/1
   304 | D:4      | Found a bloodstained altar of Trog.
   307 | D:4      | Noticed a wizard
   312 | D:4      | Became a worshipper of Trog the Wrathful
   314 | D:4      | Killed a wizard
   433 | D:4      | Found a sparkling altar of Nemelex Xobeh.
   437 | D:4      | Found a broken altar of Ashenzari.
   439 | D:4      | Found an ornate altar of the Wu Jian Council.
   439 | D:4      | Found a shimmering blue altar of Sif Muna.
   439 | D:4      | Found a glowing golden altar of the Shining One.
   442 | D:4      | Found a stormy altar of Qazlal.
   511 | D:4      | Noticed a hound
   531 | D:4      | Slain by a hound

Illustrated notes

Levels and vault maps discovered:
D:4:      layout_cave_pods, minitemple, trog_wizard, serial_rivers,
          chequers_serial_rivers_room_b, chequers_serial_rivers_room_a,
          chequers_serial_rivers_large_b, chequers_serial_rivers_room_b
D:5:      layout_cave_pods, minmay_temple_entry_arrows, kennysheep_another_room,
          chequers_big_river, uniq_menkaure, uniq_blork_the_orc

Action                   || total
-------------------------++-------
Melee: Hand axe          ||    19
  Use: Scroll            ||     1
 Stab: Sleeping          ||     1
Armor: Leather armour    ||     7
Dodge: Dodged            ||    14
